 Dungeon Crawl Stone Soup version 0.22.1-2-g9c5b331383 (webtiles) character file.

16425 Pocketmage the Covert (level 12, -7/45 HPs)
             Began as a Spriggan Enchanter on Nov 24, 2018.
             Was the Champion of Ru.
             Hit by a poisoned javelin thrown by Urug (27 damage)
             ... on level 3 of the Lair of Beasts.
             The game lasted 01:07:52 (14076 turns).

Pocketmage the Covert (Spriggan Enchanter)         Turns: 14076, Time: 01:07:53

Health: -7/45      AC:  4    Str:  8    XL:     12   Next: 9%
Magic:  25/27      EV: 28    Int: 21    God:    Ru [******]
Gold:   599        SH:  0    Dex: 17    Spells: 23/32 levels left

rFire    . . .     SeeInvis +   n - +0 short sword (speed)
rCold    . . .     Gourm    .   (shield restricted)
rNeg     . . .     Faith    .   o - +2 robe "Gotzoutu" {rElec Int+4}
rPois    .         Spirit   .   C - +0 hat
rElec    +         Reflect  .   (no cloak)
rCorr    .         Harm     .   (gloves unavailable)
MR       ++...                  (boots unavailable)
Stlth    +++++++...             (no amulet)
HPRegen  0.15/turn              y - ring of stealth
MPRegen  0.20/turn              (no ring)

@: lethally poisoned (-7 -> -16), very quick
A: very small, unfitting armour, see invisible, herbivore, speed 3, frail 1,
slow metabolism 2, inability to use devices, hated by all, no fire magic, no
summoning magic, no transmutations magic
a: Draw Out Power, Power Leap, Apocalypse, Renounce Religion


You were on level 3 of the Lair of Beasts.
You worshipped Ru.
Ru was exalted by your worship.
You were hungry.

You visited 2 branches of the dungeon, and saw 13 of its levels.

You collected 704 gold pieces.
You spent 105 gold pieces at shops.

Inventory:

Hand Weapons
 a - a +1 dagger
 n - a +0 short sword of speed (weapon)
 w - a +0 rapier
Missiles
 E - 2 throwing nets (quivered)
Armour
 o - the +2 robe "Gotzoutu" (worn) {rElec Int+4}
   (You found it on level 4 of the Dungeon)

   It affects your intelligence (+4).
   It insulates you from electricity.
 C - a +0 hat (worn)
Magical Staves
 G - an uncursed staff of wizardry
Jewellery
 j - an uncursed ring of protection from cold {unknown}
 y - a ring of stealth (left hand)
 B - an uncursed ring of fire {unknown}
 H - an uncursed amulet of guardian spirit {unknown}
Scrolls
 b - 2 scrolls of enchant armour
 c - 2 scrolls of identify
 f - 3 scrolls of remove curse
 g - a scroll of random uselessness {unknown}
 k - 3 scrolls of fog
 l - 4 scrolls of teleportation {unknown}
 p - a scroll of noise {unknown}
 u - a scroll of magic mapping
 v - a scroll of blinking {unknown}
 z - a scroll of immolation
 D - a scroll of amnesia {unknown}
 F - a scroll of enchant weapon {unknown}
 I - a scroll of acquirement {unknown}
Potions
 e - 3 potions of haste
 h - 3 potions of invisibility
 i - a potion of might
 m - 5 potions of curing
 q - 2 potions of magic
 r - 2 potions of heal wounds {unknown}
 s - 2 potions of cancellation
 t - a potion of resistance {unknown}
 x - 4 potions of degeneration
 A - 3 potions of agility
Comestibles
 d - 22 rations


   Skills:
 + Level 9.8 Short Blades
 + Level 12.7 Dodging
 + Level 13.9 Stealth
 + Level 10.9 Spellcasting
 + Level 11.2 Hexes


You had 23 spell levels left.
You knew the following spells:

 Your Spells              Type           Power        Failure   Level  Hunger
a - Corona                Hex            ######.      1%          1    None
b - Ensorcelled Hibernat  Hex/Ice        #####.       1%          2    None
c - Confuse               Hex            ######..     1%          3    None
d - Dazzling Spray        Conj/Hex       #####.       1%          3    None

Your spell library contained the following spells:

 Spells                   Type           Power        Failure   Level  Hunger
 Tukima's Dance           Hex            ######..     1%          3    None
 Inner Flame              Hex/Fire       Unusable     N/A         3    N/A
 Flame Tongue             Conj/Fire      Unusable     N/A         1    N/A
 Summon Butterflies       Summ           Unusable     N/A         1    N/A
 Throw Flame              Conj/Fire      Unusable     N/A         2    N/A
 Summon Mana Viper        Hex/Summ       Unusable     N/A         5    N/A
 Call Canine Familiar     Summ           Unusable     N/A         3    N/A
 Conjure Flame            Conj/Fire      Unusable     N/A         3    N/A
 Sticky Flame             Conj/Fire      Unusable     N/A         4    N/A
 Summon Ice Beast         Ice/Summ       Unusable     N/A         4    N/A
 Alistair's Intoxication  Tmut/Pois      Unusable     N/A         5    N/A
 Fireball                 Conj/Fire      Unusable     N/A         5    N/A
 Irradiate                Conj/Tmut      Unusable     N/A         5    N/A
 Dragon Form              Tmut           Unusable     N/A         7    N/A
 Summon Hydra             Summ           Unusable     N/A         7    N/A

Dungeon Overview and Level Annotations

Branches:
Dungeon (10/15)            Temple (0/1) D:4            Lair (3/6) D:8
  Swamp: Lair:2-4    Shoals: Lair:2-4     Snake: Lair:2-4    Spider: Lair:2-4
    Orc: D:9-12

Altars:
Dithmenos
Kikubaaqudgha
Nemelex Xobeh
Ru

Shops:
D:5 *   D:7 :(%:

Annotations:
D:10 3 runed doors, Revguard's ghost, novice DsGl
Lair:3 Urug


Innate Abilities, Weirdness & Mutations

You are very small and have problems with some larger weapons.
You are too small for most types of armour.
You have supernaturally acute eyesight. (SInv)
You are a herbivore.
You cover ground extremely quickly.
You are frail. (-10% HP)
You need to consume almost no food.
You cannot study or use magical devices.
You are hated by all.
You cannot study or cast Fire magic.
You cannot study or cast Summoning magic.
You cannot study or cast Transmutations magic.


Message History

There is a stone staircase leading down here.
You climb downwards.
A hydra and Urug come into view.
There is a stone staircase leading up here.
The helpless six-headed hydra fails to defend itself.
You skewer the six-headed hydra like a kebab!!!!
You kill the six-headed hydra!
Urug shouts!
Urug throws a poisoned javelin.
The poisoned javelin hits you!!
Ouch! That really hurt!
You are poisoned.
Casting: Ensorcelled Hibernation (safe; 1% risk of failure)
Confirm with . or Enter, or press ? or * to list all spells.
Aiming: Ensorcelled Hibernation (safe; 1% risk of failure)
Press: ? - help, Shift-Dir - straight line, f - Urug
Aim: Urug, wielding an enchanted eveningstar and wearing a scale mail (chance Urug resists with some effort.
You feel sick.
Urug throws a poisoned javelin.
The poisoned javelin hits you!!
Ouch! That really hurt!
You die...

....$ #...# # ....
#...# #.#. ..#
+...##.... r#
##....... ##
#.....# .##... #
#.<..# .......
.##P#####...####
.......
.................
.......
.....o..@........
.......
..................
.......
..................
♣♣.≈♣..
#..#.#.......###.#
♣ ≈≈♣.. .#
####......# #. ♣♣
#......# #P......#
#.....##.


You could see Urug.

Vanquished Creatures
  3 hydras
  Erica (Lair:2)
  3 two-headed ogres
  2 unseen horrors
  Pikel (D:8)
  A manticore (D:10)
  A centaur zombie (D:10)
  A black mamba (Lair:2)
  2 spiny frogs
  A queen bee (D:8)
  3 blink frogs (Lair:2)
  A hippogriff (Lair:3)
  6 yaks
  A steam dragon (D:9)
  3 water moccasins
  A porcupine (Lair:2)
  2 black bears
  An orc warrior (D:8)
  6 sky beasts
  4 ice beasts
  4 slaves (D:8)
  5 ogres
  2 necrophages
  6 wolves
  A phantom (D:8)
  An eye of draining (D:10)
  7 centaurs
  4 crocodiles
  A big kobold (D:7)
  Blork the orc (D:4)
  6 bullfrogs
  A wyvern zombie (D:7)
  A water moccasin skeleton (D:8)
  3 scorpions
  19 killer bees
  4 wights (D:6)
  An electric eel (Lair:1)
  3 howler monkeys
  4 crimson imps
  4 hounds
  4 jellies
  An orc wizard (D:3)
  4 centaur skeletons
  6 iguanas
  9 worker ants
  A killer bee zombie (D:8)
  8 gnolls
  9 adders
  A shadow imp (D:8)
  2 oozes
  2 adder skeletons
  3 worms
  4 dart slugs
  8 leopard geckos
  12 orcs
  A ball python (D:1)
  3 giant cockroaches (D:1)
  5 goblins
  9 hobgoblins
  17 jackals
  11 kobolds
  4 quokkas
  13 bats
  5 frilled lizards
  A jackal skeleton (D:9)
  A leopard gecko skeleton (D:5)
  A leopard gecko zombie (D:7)
  7 rats
  A fungus (Lair:1)
275 creatures vanquished.

Vanquished Creatures (others)
  A big kobold (D:10)
  3 fungi
  3 plants
7 creatures vanquished.

Grand Total: 282 creatures vanquished

Notes
Turn   | Place    | Note
-------+----------+-------------------------------------------
     0 | D:1      | Pocketmage the Spriggan Enchanter began the quest for the
                  | Orb.
     0 | D:1      | Reached XP level 1. HP: 9/9 MP: 5/5
   463 | D:1      | Reached XP level 2. HP: 13/13 MP: 6/6
   467 | D:1      | Learned a level 2 spell: Ensorcelled Hibernation
  1176 | D:1      | Reached XP level 3. HP: 7/16 MP: 0/8
  1342 | D:1      | Learned a level 3 spell: Confuse
  2072 | D:2      | Reached skill level 5 in Stealth
  2287 | D:2      | Reached XP level 4. HP: 21/21 MP: 9/9
  2292 | D:2      | Learned a level 3 spell: Dazzling Spray
  2300 | D:2      | Found a sacrificial altar of Ru.
  2763 | D:3      | Found a sacrificial altar of Ru.
  2958 | D:3      | Became a worshipper of Ru the Awakened
  3213 | D:3      | Reached XP level 5. HP: 24/24 MP: 11/11
  3571 | D:4      | Got an ominously black robe
  3647 | D:4      | Found a staircase to the Ecumenical Temple.
  3834 | D:4      | Noticed Blork the orc
  3841 | D:4      | Killed Blork the orc
  3841 | D:4      | Reached skill level 6 in Stealth
  3841 | D:4      | Reached skill level 5 in Hexes
  3841 | D:4      | Reached XP level 6. HP: 28/28 MP: 7/13
  4161 | D:4      | Reached skill level 5 in Dodging
  4325 | D:5      | Entered Level 5 of the Dungeon
  4326 | D:5      | Identified the +2 robe "Gotzoutu" {rElec Int+4} (You found
                  | it on level 4 of the Dungeon)
  4451 | D:5      | Gained mutation: You are hated by all. [Ru sacrifice]
  4451 | D:5      | Reached * piety under Ru
  4604 | D:5      | Found Gedah's General Store.
  4609 | D:5      | Bought a potion of curing for 30 gold pieces
  4609 | D:5      | Bought a scroll of enchant armour for 75 gold pieces
  5009 | D:5      | Reached XP level 7. HP: 32/32 MP: 9/14
  5205 | D:5      | Found a sparkling altar of Nemelex Xobeh.
  5219 | D:5      | Reached skill level 7 in Stealth
  5291 | D:5      | Reached skill level 5 in Spellcasting
  5887 | D:6      | Reached XP level 8. HP: 36/36 MP: 15/17
  5911 | D:6      | Identified the Grimoire of Calling and Transmigration
  5960 | D:6      | Found a shadowy altar of Dithmenos.
  6186 | D:6      | Reached skill level 8 in Stealth
  6681 | D:6      | Reached skill level 5 in Short Blades
  6938 | D:7      | Found Obid's Book Shoppe.
  7313 | D:7      | Found Haross's Weapon Boutique.
  7337 | D:7      | Reached skill level 9 in Stealth
  7426 | D:7      | Gained mutation: You cannot study or use magical devices.
                  | [Ru sacrifice]
  7426 | D:7      | Reached ** piety under Ru
  7426 | D:7      | Reached *** piety under Ru
  7517 | D:7      | Reached XP level 9. HP: 32/39 MP: 3/20
  7654 | D:7      | Found Liyjuj's Book Shoppe.
  7861 | D:7      | Found Ovigonill's Food Emporium.
  8640 | D:8      | Noticed Pikel
  8654 | D:8      | Killed Pikel
  8654 | D:8      | Reached skill level 10 in Stealth
  8775 | D:8      | Found a staircase to the Lair.
  9334 | D:8      | Noticed a queen bee
  9364 | D:8      | Killed a queen bee
  9364 | D:8      | Reached XP level 10. HP: 44/44 MP: 9/23
  9685 | D:8      | Reached skill level 11 in Stealth
  9879 | D:8      | Noticed an unseen horror
  9884 | D:8      | Killed an unseen horror
  9884 | D:8      | Reached skill level 10 in Dodging
  9908 | D:8      | Gained mutation: You cannot study or cast Fire magic. [Ru
                  | sacrifice]
  9908 | D:8      | Gained mutation: You cannot study or cast Transmutations
                  | magic. [Ru sacrifice]
  9908 | D:8      | Gained mutation: You cannot study or cast Summoning magic.
                  | [Ru sacrifice]
  9908 | D:8      | Reached **** piety under Ru
  9908 | D:8      | Reached ***** piety under Ru
 10276 | D:9      | Noticed an unseen horror
 10285 | D:9      | Killed an unseen horror
 10505 | D:9      | Noticed a two-headed ogre
 10512 | D:9      | Killed a two-headed ogre
 10608 | D:9      | Reached skill level 12 in Stealth
 10790 | D:10     | Entered Level 10 of the Dungeon
 10790 | D:10     | Noticed a two-headed ogre
 10793 | D:10     | Killed a two-headed ogre
 10793 | D:10     | Reached XP level 11. HP: 47/47 MP: 25/25
 10794 | D:10     | Noticed a two-headed ogre
 10818 | D:9      | Killed a two-headed ogre
 10818 | D:9      | Reached skill level 10 in Hexes
 11240 | D:10     | Found an ancient bone altar of Kikubaaqudgha.
 11647 | D:10     | Found a runed gate.
 11650 | D:10     | Found a runed gate.
 11650 | D:10     | Found a runed gate.
 11651 | D:10     | Noticed Revguard's ghost (novice DsGl)
 12010 | Lair:1   | Entered Level 1 of the Lair of Beasts
 12045 | Lair:1   | Reached skill level 10 in Spellcasting
 12245 | Lair:1   | Noticed a five-headed hydra
 12267 | Lair:1   | Killed a five-headed hydra
 12267 | Lair:1   | Reached skill level 13 in Stealth
 12452 | Lair:1   | Noticed a five-headed hydra
 12483 | Lair:1   | Gained mutation: You are frail. (-10% HP) [Ru sacrifice]
 12483 | Lair:1   | Reached ****** piety under Ru
 12492 | Lair:1   | Killed a five-headed hydra
 13629 | Lair:2   | Noticed Erica
 13632 | Lair:2   | Killed Erica
 13632 | Lair:2   | Reached XP level 12. HP: 45/45 MP: 27/27
 14070 | Lair:3   | Noticed Urug
 14070 | Lair:3   | Noticed a six-headed hydra
 14073 | Lair:3   | Killed a six-headed hydra
 14076 | Lair:3   | Hit by a poisoned javelin thrown by Urug

Skill      XL: |  1  2  3  4  5  6  7  8  9 10 11 |
---------------+----------------------------------+-----
Hexes          | 4 5 6 7 8 9 11 | 11.2
Spellcasting   | 3 4 5 6 8 9 10 | 10.9
Short Blades   | 2 3 4 5 7 8 9 |  9.8
Stealth        | 5 6 7 9 10 12 13 | 13.9
Dodging        | 4 5 6 8 9 11 12 | 12.7

Action                   |  1- 3 |  4- 6 |  7- 9 | 10-12 || total
-------------------------+-------+-------+-------+-------++-------
Melee: Dagger            |   135 |   116 |       |       ||   251
       Rapier            |       |    18 |    97 |       ||   115
       Short sword       |       |       |   128 |   253 ||   381
 Cast: Ensorcelled Hiber |    37 |    45 |    97 |   102 ||   281
       Confuse           |       |     2 |    15 |     2 ||    19
Invok: Sacrifice Love    |       |     1 |       |       ||     1
       Sacrifice Artific |       |       |     1 |       ||     1
       Sacrifice Arcana  |       |       |       |     1 ||     1
       Apocalypse        |       |       |       |     1 ||     1
       Sacrifice Health  |       |       |       |     1 ||     1
  Use: Scroll            |       |     7 |     1 |     8 ||    16
       Potion            |       |       |     3 |       ||     3
 Stab: Sleeping          |    33 |    39 |    63 |    82 ||   217
       Paralysed         |       |     1 |       |       ||     1
       Distracted        |       |       |     3 |     2 ||     5
       Confused          |       |       |     7 |     1 ||     8
       Invisible         |       |       |     1 |       ||     1
  Eat: Ration            |       |     2 |     3 |     2 ||     7
Armor: Robe              |    24 |     8 |    12 |     9 ||    53
Dodge: Dodged            |   147 |   101 |   169 |   141 ||   558
